 Dungeon Crawl Stone Soup version 0.32-a0-135-g14f8b2e1af (webtiles) character file.

Game seed: 6668012937961672111

19751 Kenran the Marksspriggan (level 12, -6/61 HPs)
             Began as a Spriggan Hunter on Feb 10, 2024.
             Was the Champion of Dithmenos.
             Mangled by a skyshark (13 damage)
             ... on level 3 of the Lair of Beasts.
             The game lasted 00:25:27 (11510 turns).

Kenran the Marksspriggan (Spriggan Hunter)         Turns: 11510, Time: 00:25:27

Health: -6/61      AC:  5    Str:  7    XL:     12   Next: 39%
Magic:  13/13      EV: 28    Int: 10    God:    Dithmenos [******]
Gold:   787        SH:  0    Dex: 24    Spells: 11/11 levels left

rFire   + . .        a - +0 shortbow (heavy)
rCold   . . .        (shield currently unavailable)
rNeg    . . .        n - +0 steam dragon scales
rPois   .            m - melded +2 hat "Yvveed" {rElec Str+4}
rElec   .            d - melded +0 cloak
rCorr   .            (gloves unavailable)
SInv    +            (boots unavailable)
Will    +++..        j - amulet of regeneration
Stlth   +++++++      g - ring of willpower
HPRegen 1.10/turn    H - ring of protection from fire
MPRegen 0.13/turn

%: no passive effects
@: beast-form, wreathed by umbra, very quick
A: beast (slay +4), very small, no large weapons, unfitting armour, see
invisible, speed 3
a: Begin Untransformation, Renounce Religion, Shadow Step, Shadow Form


You were on level 3 of the Lair of Beasts.
You worshipped Dithmenos.
Dithmenos was exalted by your worship.
You were a hulking beast.
You visited 2 branches of the dungeon, and saw 13 of its levels.
You also visited: Sewer.

You collected 823 gold pieces.
You spent 36 gold pieces at shops.

Inventory:

Hand Weapons
 a - a +0 heavy shortbow (weapon)
Missiles
 E - a throwing net
Armour
 d - a +0 cloak (melded)
 m - the +2 hat "Yvveed" (melded) {rElec Str+4}
   (You found it on level 2 of the Dungeon)

   Str+4:     It affects your strength (+4).
   rElec:     It insulates you from electricity.
 n - +0 steam dragon scales (worn)
Jewellery
 g - a ring of willpower (left hand)
 j - an amulet of regeneration (around neck)
 H - a ring of protection from fire (right hand)
Talismans
 k - a maw talisman
 K - a beast talisman (active)
Wands
 c - a wand of paralysis (14)
 o - a wand of flame (31)
 F - a wand of polymorph (8)
 M - a wand of digging (3)
Scrolls
 b - 2 scrolls of butterflies
 e - 5 scrolls of enchant armour
 i - 2 scrolls of vulnerability {!r}
 l - a scroll of silence {unknown}
 p - 4 scrolls of brand weapon
 q - 2 scrolls of poison {!r}
 s - a scroll of fear
 v - 3 scrolls of enchant weapon
 y - 5 scrolls of teleportation
 B - a scroll of revelation
 C - 2 scrolls of blinking {unknown}
 I - a scroll of torment {unknown}
Potions
 f - 3 potions of attraction {unknown}
 h - 3 potions of lignification {unknown}
 r - a potion of enlightenment {unknown}
 t - 5 potions of haste {unknown}
 u - 4 potions of cancellation {unknown}
 w - 3 potions of mutation {unknown}
 x - 7 potions of magic
 z - 3 potions of resistance
 A - 5 potions of curing {@q1}
 D - a potion of ambrosia {unknown}
 G - 4 potions of brilliance {unknown}
 L - a potion of berserk rage {unknown}


   Skills:
 - Level 6.0 Fighting
 - Level 16.0 Ranged Weapons
 + Level 11.0 Dodging
 + Level 7.4 Stealth
 - Level 5.0 Evocations
 - Level 7.0 Shapeshifting


You had 11 spell levels left.
You didn't know any spells.
Your spell library contained the following spells:

 Spells                   Type           Power      Damage    Failure   Level
 Shock                    Conj/Air       0%         1d3       36%         1
 Swiftness                Air            0%         N/A       75%         3
 Airstrike                Air            0%         2d(0-16)  98%         4
 Cause Fear               Hex            0%         N/A       98%         4
 Fireball                 Conj/Fire      0%         3d3       100%        5
 Summon Forest            Summ/Tloc      0%         N/A       100%        5
 Summon Mana Viper        Hex/Summ       0%         N/A       100%        5
 Summon Cactus Giant      Summ           0%         N/A       100%        6
 Dragon's Call            Summ           0%         N/A       100%        9


Dungeon Overview and Level Annotations

Branches:
Dungeon (10/15)            Temple (0/1) D:5            Lair (3/5) D:8
 Shoals (0/4) Lair:2          Orc (0/2) D:9           Sewer (visited)
  Snake: Lair:2-3    Spider: Lair:2-3

Altars:
Ashenzari
Cheibriados
Dithmenos
Elyvilon
Gozag
Hepliaklqana
Makhleb
Nemelex Xobeh
Okawaru
Uskayaw
Vehumet

Shops:
D:6 [   D:7 !   D:9 (

Annotations:
D:5 2 transporters, temujin's ghost, novice DjCj
D:6 2 transporters
D:10 exclusion: upstairs
Lair:1 exclusion: downstairs
Lair:2 2 transporters


Innate Abilities, Weirdness & Mutations

You are a hulking beast.
Your limbs bulge with bestial killing power. (Slay +4)
You are very small and have problems with some larger weapons.
You are too small for most types of armour.
You have supernaturally acute eyesight. (SInv)
You cover ground extremely quickly. (Speed+++)


Message History

You shoot an arrow. The arrow hits the skyshark.
The skyshark is heavily wounded.
The skyshark completely misses you. The skyshark tail-slaps you.
The skyshark completely misses you.
You shoot an arrow. The arrow hits the skyshark!
The skyshark is severely wounded.
The skyshark bites you!
The skyshark tastes blood and grows stronger!
The skyshark closely misses you. The skyshark misses you.
You shoot an arrow. The arrow hits the skyshark!
The skyshark is almost dead.
The skyshark bites you!!
You emit a cloud of dark smoke.
The skyshark enters a blood-rage!
The skyshark misses you. The skyshark completely misses you.
The skyshark rages.
The skyshark completely misses you. The skyshark misses you.
The skyshark completely misses you. The skyshark closely misses you.
The skyshark completely misses you. x2
The skyshark attacks as it pursues you! The skyshark completely misses you. x2
The skyshark closely misses you. The skyshark attacks as it pursues you!
The skyshark bites you!!
* * * LOW HITPOINT WARNING * * *
The skyshark tail-slaps you.
* * * LOW HITPOINT WARNING * * *
The skyshark completely misses you. The skyshark attacks as it pursues you!
The skyshark closely misses you. x2
The skyshark barely misses you. The skyshark misses you.
The skyshark completely misses you. The skyshark tail-slaps you!
* * * LOW HITPOINT WARNING * * *
Okay, then.
As you read the scroll labelled GATICK WUCIAC, it crumbles to dust.
It is a scroll of brand weapon.
Your +0 shortbow becomes incredibly heavy!
a - a +0 heavy shortbow (weapon)
The skyshark misses you. x2; The skyshark completely misses you.
Okay, then.
It was a potion of magic.
Magic courses through your body. The skyshark bites you!
You die...

### ####.### ## #.#.#..# ######P#
.......# # ##.......
.......####### ### #.#........
........[.##.###.# .#.........
................#######..........
.................................
...........###..hF...........<...
.........##......................
.............##.#....#...........
#........P#.#####....###.........
.#....P.....###P#....##..........
###.#P##..#†#..........#.........
#########............#.........
###......................
#.#.#...............†....


You could see a skyshark (berserk).

Vanquished Creatures
  A two-headed ogre (D:10)
  2 harpies (Lair:2)
  4 black mambas
  A gargoyle (D:7)
  3 cane toads
  A rime drake (Lair:1)
  A komodo dragon (Lair:1)
  A freezing wraith (D:9)
  A polar bear (Lair:2)
  A troll (D:8)
  19 blink frogs
  A shadow (D:10)
  A basilisk (Lair:2)
  3 wyverns
  A wraith (D:9)
  22 yaks
  2 steam dragons
  A warg (D:8)
  An acid dragon (D:9)
  8 water moccasins
  6 orc warriors
  A sky beast (D:7)
  A black bear (shapeshifter) (D:10)
  2 ice beasts
  3 black bears
  3 ogres
  5 wolves (Lair:1)
  3 centaurs
  2 phantoms
  12 bullfrogs
  2 gnoll sergeants
  3 scorpions
  4 wights
  14 killer bees
  4 howler monkeys (D:9)
  2 bombardier beetles
  4 hounds
  4 jellies (D:7)
  7 orc priests
  3 sleepcaps
  Jessica (D:2)
  2 gnoll boudas (D:7)
  7 iguanas
  Natasha (thrice) (D:2)
  7 orc wizards
  A hell rat (Sewer)
  22 gnolls
  12 adders
  3 river rats (Sewer)
  2 shadow imps
  4 ufetubi (D:6)
  3 dart slugs
  A ribbon worm (D:4)
  35 orcs
  5 ball pythons
  3 bats
  9 endoplasms
  2 giant cockroaches (D:1)
  5 goblins
  6 hobgoblins
  2 jackals (D:1)
  6 kobolds
  4 quokkas
  A frilled lizard (D:1)
  14 rats
320 creatures vanquished.

Notes
Turn   | Place    | Note
-------+----------+-------------------------------------------
     0 | D:1      | Kenran the Spriggan Hunter began the quest for the Orb.
     0 | D:1      | Reached XP level 1. HP: 10/10 MP: 2/2
   119 | D:1      | Reached XP level 2. HP: 14/14 MP: 3/3
   705 | D:2      | Reached skill level 5 in Ranged Weapons
   743 | D:2      | Reached XP level 3. HP: 18/18 MP: 4/4
   746 | D:2      | Identified the +2 hat "Yvveed" {rElec Str+4}
   757 | D:2      | Found a shadowy altar of Dithmenos.
   768 | D:2      | Became a worshipper of Dithmenos the Shadowed
   813 | D:2      | Noticed Jessica
   825 | D:2      | Killed Jessica
   826 | D:2      | Reached XP level 4. HP: 22/22 MP: 5/5
   966 | D:2      | Noticed Natasha
   972 | D:2      | Killed Natasha
   973 | D:2      | Reached skill level 6 in Ranged Weapons
  1026 | D:2      | Noticed Natasha
  1045 | D:2      | Killed Natasha
  1263 | D:2      | Noticed Natasha
  1270 | D:2      | Killed Natasha
  1271 | D:2      | Reached XP level 5. HP: 25/25 MP: 6/6
  1302 | D:3      | Reached * piety under Dithmenos
  1875 | D:4      | Noticed an ice beast
  1924 | D:4      | Killed an ice beast
  1925 | D:4      | Reached skill level 7 in Ranged Weapons
  1925 | D:4      | Reached XP level 6. HP: 29/30 MP: 7/7
  2298 | D:4      | Reached skill level 8 in Ranged Weapons
  2378 | D:4      | Found a sparkling altar of Nemelex Xobeh.
  2378 | D:4      | Found an opulent altar of Gozag.
  2571 | D:5      | Entered Level 5 of the Dungeon
  2579 | D:5      | Reached ** piety under Dithmenos
  2780 | D:5      | Reached XP level 7. HP: 30/33 MP: 8/8
  2784 | D:5      | Found a burning altar of Makhleb.
  2786 | D:5      | Found a broken altar of Ashenzari.
  2788 | D:5      | Found a snail-covered altar of Cheibriados.
  2788 | D:5      | Found a hide-covered altar of Uskayaw.
  2988 | D:5      | Reached skill level 9 in Ranged Weapons
  3074 | D:5      | Found a transporter.
  3083 | D:5      | Noticed temujin's ghost (novice DjCj)
  3158 | D:5      | Reached skill level 10 in Ranged Weapons
  3206 | D:5      | Found a transporter.
  3208 | D:5      | Found an iron altar of Okawaru.
  3256 | D:5      | Reached XP level 8. HP: 34/37 MP: 9/9
  3368 | D:5      | Found a glowing drain.
  3381 | Sewer    | Entered a sewer
  3567 | D:5      | Found a staircase to the Ecumenical Temple.
  3793 | D:6      | Identified the +3 great sword "Waitwuor" {freeze, Int+2}
  3950 | D:6      | Found a transporter.
  3972 | D:6      | Found a transporter.
  4082 | D:6      | Reached skill level 5 in Dodging
  4082 | D:6      | Reached skill level 5 in Stealth
  4166 | D:6      | Found Selel's Armour Emporium.
  4205 | D:6      | Reached *** piety under Dithmenos
  5076 | D:7      | Found Puampof's Distillery.
  5083 | D:7      | Reached XP level 9. HP: 44/44 MP: 10/10
  5099 | D:7      | Bought a potion of curing for 36 gold pieces
  5114 | D:7      | Reached skill level 11 in Ranged Weapons
  5391 | D:7      | Reached skill level 12 in Ranged Weapons
  5578 | D:7      | Reached **** piety under Dithmenos
  6106 | D:8      | Noticed a gargoyle
  6152 | D:7      | Reached skill level 13 in Ranged Weapons
  6397 | D:7      | Killed a gargoyle
  6441 | D:8      | Reached XP level 10. HP: 49/49 MP: 11/11
  6655 | D:8      | Reached skill level 14 in Ranged Weapons
  6758 | D:8      | Found a staircase to the Lair.
  7041 | D:9      | Found Ipozxouq's Weapon Shoppe.
  7094 | D:9      | Reached skill level 1 in Evocations
  7293 | D:9      | Reached ***** piety under Dithmenos
  7365 | D:9      | Found a radiant altar of Vehumet.
  7410 | D:9      | Found a white marble altar of Elyvilon.
  7416 | D:9      | Found a hazy altar of Hepliaklqana.
  7811 | D:9      | Found a staircase to the Orcish Mines.
  7873 | D:9      | Reached skill level 15 in Ranged Weapons
  8126 | D:9      | Reached skill level 5 in Evocations
  8204 | D:9      | Reached XP level 11. HP: 52/52 MP: 12/12
  8483 | D:10     | Entered Level 10 of the Dungeon
  8811 | D:10     | Noticed a two-headed ogre
  8843 | D:10     | Killed a two-headed ogre
  8965 | D:10     | Noticed a boulder beetle
  9203 | Lair:1   | Entered Level 1 of the Lair of Beasts
  9211 | Lair:1   | Reached skill level 1 in Shapeshifting
  9403 | Lair:1   | Reached skill level 10 in Dodging
  9751 | Lair:1   | Reached skill level 16 in Ranged Weapons
  9751 | Lair:1   | Reached skill level 5 in Shapeshifting
 10236 | Lair:2   | Noticed a harpy
 10236 | Lair:2   | Found a staircase to the Shoals.
 10237 | Lair:2   | Noticed a harpy
 10551 | Lair:2   | Killed a harpy
 10558 | Lair:2   | Reached XP level 12. HP: 45/58 MP: 13/13
 10600 | Lair:2   | Reached skill level 5 in Fighting
 10753 | Lair:2   | Reached ****** piety under Dithmenos
 10790 | Lair:2   | Found a transporter.
 11030 | Lair:2   | Found a transporter.
 11510 | Lair:3   | Mangled by a skyshark

Illustrated notes

Levels and vault maps discovered:
D:1:      amcnicky_arrival_wind_blow, layout_loops_ring, minmay_misc_feat_room
D:2:      layout_basic, basic_altar, uniq_jessica, uniq_natasha
D:3:      layout_loops_cross
D:4:      kennysheep_spiral_hall, layout_gridville,
          grunt_temple_overflow_opulence, st_stairs_14, grunt_decor_one_mirror,
          minivault_1, minmay_statues_item
D:5:      layout_loops_corners, grunt_temple_overflow_open,
          okawaru_metal_pillars_1_2, minmay_temple_entry_enclosed_plants,
          portal_sewer_entry_d, gammafunk_ghost_mausoleum, cheibrodos_gnoll_hut
D:6:      gammafunk_steamed_eel, layout_layer_cave, serial_shops,
          nicolae_square_shop
D:7:      layout_basic, serial_shops, nicolae_shop_industrial_runoff,
          minmay_between
D:8:      layout_cave_pools, due_lair_maze_entry_diamond, nicolae_grassy_gnolls
D:9:      layout_gridville, nicolae_overflow_hidden_temple, david_orc_3,
          serial_shops, nicolae_shop_just_a_little_nook, grunt_potential
D:10:     layout_rooms
Lair:1:   layout_chaotic_city, lemuel_fruit_fields
Lair:2:   gammafunk_cloud_chamber, layout_loops_ring, nicolae_shoals_entry_roost
Lair:3:   layout_gridlike, minmay_snake_entry_six_corridors,
          infiniplex_staircase_pool, grunt_megastairs_3

Skill      XL: |  1  2  3  4  5  6  7  8  9 10 11 12 |
---------------+-------------------------------------+-----
Ranged Weapons | 5 6 7 8 10 13 15 16 | 16.0
Dodging        | 3 6 8 10 11 | 11.0
Stealth        | 2 5 7 |  7.4
Fighting       | 3 4 6 |  6.0
Evocations     | 5 |  5.0
Shapeshifting  | 7 |  7.0

Action                     |  1- 3 |  4- 6 |  7- 9 | 10-12 || total
---------------------------+-------+-------+-------+-------++-------
   Fire: Shortbow          |    99 |   203 |   627 |  1046 ||  1975
  Throw: Throwing net      |       |       |     3 |       ||     3
    Use: Scroll            |       |     4 |     3 |     4 ||    11
         Potion            |       |       |       |     1 ||     1
 Armour: Robe              |    11 |    21 |    19 |       ||    51
         Steam dragon scal |       |       |    54 |   137 ||   191
  Dodge: Dodged            |    22 |    62 |   308 |   523 ||   915
   Form: Beast             |       |       |       |     1 ||     1

Table legend: (Time is in decaauts)
 A = Elapsed time spent in this place.
 B = Non-inter-level travel time spent in this place.
 C = Inter-level travel time spent in this place.
 D = Time resting spent in this place.
 E = Time spent auto-exploring this place.
 F = Levels seen in this place.
 G = Mean time per level.
                   A        B        C        D        E       F      G
               +--------+--------+--------+--------+--------+-----+--------+
         Total |   7742 |   7460 |    282 |    601 |   4044 |  14 |  553.0 |
       Dungeon |   6081 |   5840 |    241 |    252 |   3296 |  10 |  608.1 |
          Lair |   1580 |   1539 |     41 |    347 |    728 |   3 |  526.7 |
         Sewer |     81 |     81 |      0 |      1 |     19 |   1 |   81.0 |
               +--------+--------+--------+--------+--------+-----+--------+

Top non-repeatable levels by time:
     D:9: 1059 daAuts
     D:7: 971 daAuts
  Lair:1: 846 daAuts
     D:6: 811 daAuts
     D:5: 755 daAuts
  Lair:2: 609 daAuts
     D:4: 473 daAuts
     D:1: 461 daAuts
     D:8: 403 daAuts
     D:2: 399 daAuts
     D:3: 374 daAuts
    D:10: 371 daAuts
  Lair:3: 124 daAuts
   Sewer: 81 daAuts
